 Dungeon Crawl Stone Soup version 0.20.1-1-g8b1a95d (webtiles) character file.

1173 n0claF the Basher (level 8, -3/70 HPs)
             Began as a Minotaur Berserker on Nov 2, 2017.
             Was a Priest of Trog.
             Killed from afar by Dowan (21 damage)
             ... with a shard of ice
             ... on level 5 of the Dungeon.
             The game lasted 00:11:58 (3883 turns).

n0claF the Basher (Minotaur Berserker)              Turns: 3883, Time: 00:12:00

Health: -3/70      AC: 15    Str: 22    XL:     8   Next: 18%
Magic:  7/7        EV:  8    Int:  4    God:    Trog [***...]
Gold:   326        SH:  0    Dex: 12    Spells: 7/7 levels left

rFire    . . .     SeeInvis .   v - +0 dire flail
rCold    . . .     Gourm    .   (shield currently unavailable)
rNeg     . . .     Faith    .   w - +0 plate armour
rPois    .         Spirit   .   (helmet restricted)
rElec    .         Reflect  .   (no cloak)
rCorr    .         Harm     .   (no gloves)
MR       .....                  (no boots)
Stlth    ..........             (no amulet)
Regen    0.3/turn               q - +3 ring of protection
MPRegen  0.1/turn               t - ring of flight

@: berserk cooldown, slowed, very slow
A: retaliatory headbutt, horns 2
a: Berserk, Trog's Hand, Burn Spellbooks, Renounce Religion, Evoke Flight


You were on level 5 of the Dungeon.
You worshipped Trog.
Trog was most pleased with you.
You were near starving.

You visited 1 branch of the dungeon, and saw 5 of its levels.

You collected 326 gold pieces.

Inventory:

Hand Weapons
 r - a +2 mace of holy wrath
 v - a +0 dire flail (weapon)
Armour
 a - a +1 scale mail of cold resistance
 i - a +0 buckler
 w - a +0 plate armour (worn)
Jewellery
 q - a +3 ring of protection (left hand)
 t - a ring of flight (right hand)
Wands
 n - a wand of enslavement (7/24)
Scrolls
 d - 3 scrolls of identify {unknown}
 f - 3 scrolls of noise {unknown}
 k - a scroll of random uselessness {unknown}
 m - a scroll of remove curse {unknown}
 o - 2 scrolls of teleportation {unknown}
Potions
 e - 4 potions of curing {unknown}
 g - a potion of cancellation {unknown}
 h - 2 potions of flight {unknown}
 j - 2 potions of heal wounds {unknown}
 p - a potion of resistance {unknown}
 s - a potion of mutation {unknown}
Comestibles
 b - 4 fruits
 c - 6 bread rations
 l - a royal jelly
 u - 2 meat rations


   Skills:
 + Level 6.3 Fighting
 + Level 8.9 Maces & Flails
 + Level 5.4 Armour
 + Level 3.9 Dodging
 + Level 2.1 Shields


You had 7 spell levels left.
You didn't know any spells.

Dungeon Overview and Level Annotations

Branches:
Dungeon (5/15)
 Temple: D:4-7

Altars:
Dithmenos
Yredelemnul

Annotations:
D:5 Dowan, Edmund


Innate Abilities, Weirdness & Mutations

You reflexively headbutt those who attack you in melee.
You have a pair of horns on your head.


Message History

You're still recovering from your berserk rage.
You puncture Edmund!
Edmund is heavily wounded.
Edmund hits you with a dire flail of protection.
* * * LOW HITPOINT WARNING * * *
Dowan points at you and mumbles some strange words.
The stone arrow misses you.
You miss Dowan.
Dowan is severely wounded.
Your skin stops crawling.
You feel less resistant to hostile enchantments.
Dowan casts a spell.
Dowan blinks!
Edmund hits you but does no damage.
You hit Edmund but do no damage.
Edmund is heavily wounded.
Dowan breathes, "And she was my only..."
Edmund barely misses you.
Dowan points at you and mumbles some strange words.
The shard of ice hits you!
You die...

#......#..####(##
#....<..<.##.....
#####.#.#.#......
#>....#......
###########....._..
##........##.#......
#............#......
#.ยง.......##.##.....
#.@@.e....##.####.##
#.####.......(......
#######)## #.......#.##.#.
#........# #.........##...
#.........................
#......e.##........#####..
#..................# #..
#.........##.......# ###
#.........# .


You could see Edmund and Dowan.

Vanquished Creatures
  Grinder (D:5)
  Menkaure (D:4)
  Duvessa (D:5)
  An ice beast (D:5)
  A phantom (D:4)
  An ogre (D:4)
  Blork the orc (D:4)
  An orc priest (D:3)
  An iguana (D:5)
  An orc wizard (D:3)
  Jessica (D:3)
  A gnoll shaman (D:4)
  2 worker ants
  A worker ant zombie (D:4)
  8 gnolls
  3 adders
  4 worms
  2 dart slugs
  3 leopard geckos
  4 orcs
  2 ball pythons
  5 giant cockroaches
  9 goblins
  6 hobgoblins
  7 jackals
  10 bats
  9 frilled lizards
  9 kobolds
  5 rats
101 creatures vanquished.

Notes
Turn   | Place    | Note
-------+----------+-------------------------------------------
     0 | D:1      | n0claF the Minotaur Berserker began the quest for the Orb.
     0 | D:1      | Reached XP level 1. HP: 19/19 MP: 0/0
   159 | D:1      | Reached XP level 2. HP: 17/27 MP: 1/1
   237 | D:1      | Reached skill level 4 in Maces & Flails
  1156 | D:2      | Reached XP level 3. HP: 33/33 MP: 2/2
  1189 | D:2      | Reached ** piety under Trog
  1608 | D:3      | Noticed Jessica
  1611 | D:3      | Killed Jessica
  1611 | D:3      | Reached XP level 4. HP: 41/41 MP: 3/3
  1792 | D:3      | Found a shadowy altar of Dithmenos.
  1851 | D:3      | Reached skill level 5 in Maces & Flails
  1856 | D:3      | Reached XP level 5. HP: 47/47 MP: 4/4
  2468 | D:3      | Reached skill level 1 in Shields
  2591 | D:4      | Noticed Menkaure
  2594 | D:4      | Killed Menkaure
  2594 | D:4      | Reached skill level 5 in Fighting
  2594 | D:4      | Reached skill level 6 in Maces & Flails
  2594 | D:4      | Reached XP level 6. HP: 56/56 MP: 5/5
  2871 | D:4      | Reached skill level 7 in Maces & Flails
  2871 | D:4      | Reached XP level 7. HP: 60/61 MP: 6/6
  2987 | D:4      | Reached *** piety under Trog
  3085 | D:4      | Noticed Blork the orc
  3096 | D:4      | Killed Blork the orc
  3546 | D:5      | Entered Level 5 of the Dungeon
  3657 | D:5      | Reached skill level 8 in Maces & Flails
  3826 | D:5      | Found a basalt altar of Yredelemnul.
  3846 | D:5      | Noticed Grinder
  3852 | D:5      | Killed Grinder
  3852 | D:5      | Reached skill level 5 in Armour
  3852 | D:5      | Reached XP level 8. HP: 70/70 MP: 7/7
  3853 | D:5      | Noticed Duvessa
  3853 | D:5      | Noticed Dowan
  3853 | D:5      | Noticed Edmund
  3865 | D:5      | Killed Duvessa
  3883 | D:5      | Killed from afar by Dowan

Skill      XL: |  1  2  3  4  5  6  7 |
---------------+----------------------+-----
Maces & Flails | 4 5 6 7 8 |  8.9
Fighting       | 4 5 6 |  6.3
Dodging        | 3 |  3.9
Armour         | 3 4 5 |  5.4
Shields        | 1 2 |  2.1

Action                   |  1- 3 |  4- 6 |  7- 9 || total
-------------------------+-------+-------+-------++-------
Melee: Mace              |    80 |    89 |    31 ||   200
       Headbutt          |     8 |    18 |    15 ||    41
       Dire flail        |       |       |    50 ||    50
Invok: Berserk           |     3 |     3 |     2 ||     8
       Trog's Hand       |       |     1 |     1 ||     2
  Eat: Chunk             |     4 |     7 |     5 ||    16
Armor: Animal skin       |     7 |       |       ||     7
       Ring mail         |    19 |     7 |       ||    26
       Chain mail        |       |    27 |    11 ||    38
       Plate armour      |       |       |    33 ||    33
Dodge: Dodged            |    53 |    43 |    30 ||   126
Block: Buckler           |       |    11 |     5 ||    16
